General information
- name: BNet
- type: Ladder team game (AT/RT)
- host: Battle.net
- saver: turncoatisback
map: Cherryville
- players: 8
- length: 29:45
- speed: Fast
- version: 1.26 W3XP
- replay type: Public
» download(154 KB)
Players
team 1 (loser)

»
IR4P3U (
yellow | 23 APM | 323 actions | 13:53)
2 Death Knight
1 Unholy Aura
1 Death Coil
» actions
| Build / train | 29 | |
| Enter build submenu | 13 | |
| Enter hero's abilities submenu | 2 | |
| Remove unit from queue | 9 | |
| Right click | 169 | |
| Select / deselect | 77 | |
| Use ability | 22 | |
323 total
» units
| Ghoul | 10 | |
| Acolyte | 2 | |
| Crypt Fiend | 1 | |
13 total
» upgrades
» buildings
| Crypt | 1 | |
| Altar of Darkness | 1 | |
| Ziggurat | 6 | |
| Halls of the Dead | 1 | |
| Graveyard | 1 | |
| Black Citadel | 1 | |
| Tomb of Relics | 1 | |
| Sacrificial Pit | 1 | |
| Boneyard | 2 | |
| Nerubian Tower | 0 | |
15 total
» build order
00:11 Crypt
00:15 Altar of Darkness
00:19 Ziggurat
03:00 Halls of the Dead
03:49 Ziggurat
03:51 Ziggurat
03:57 Ziggurat
05:12 Graveyard
05:43 Black Citadel
05:54 Ziggurat
05:56 Ziggurat
07:48 Tomb of Relics
10:50 Sacrificial Pit
11:59 Boneyard
12:05 Boneyard
12:40 Nerubian Tower
» items
ASDFLDJASFL (
blue | 73 APM | 2171 actions | 29:44)
8 Goblin Tinker
3 Pocket Factory
3 Engineering Upgrade
1 Robo-Goblin
1 Cluster Rockets
2 Blood Mage
1 Banish
1 Flame Strike
» actions
| Assign group hotkey | 36 | |
| Build / train | 74 | |
| Enter build submenu | 25 | |
| Enter hero's abilities submenu | 10 | |
| Give item / drop item | 6 | |
| Remove unit from queue | 2 | |
| Right click | 908 | |
| Select / deselect | 260 | |
| Select group hotkey | 773 | |
| Use ability | 77 | |
2171 total
» units
| Peon | 14 | |
| Grunt | 4 | |
| Goblin Shredder | 1 | |
| Wind Rider | 5 | |
| Goblin Sapper | 3 | |
| Frost Wyrm | 4 | |
| Troll Batrider | 3 | |
| Ghoul | 4 | |
38 total
» upgrades
| Ranged Weapons | 3 | |
| Armor | 3 | |
| Reinforced Defenses | 1 | |
| Envenomed Spears | 1 | |
| Liquid Fire | 1 | |
| Freezing Breath | 1 | |
10 total
» buildings
| Altar of Storms | 1 | |
| Orc Burrow | 8 | |
| Barracks | 3 | |
| Voodoo Lounge | 1 | |
| Stronghold | 2 | |
| War Mill | 1 | |
| Great Hall | 3 | |
| Watch Tower | 17 | |
| Fortress | 2 | |
| Beastiary | 3 | |
41 total
» build order
00:09 Altar of Storms
00:19 Orc Burrow
00:52 Barracks
01:25 Orc Burrow
02:08 Voodoo Lounge
03:01 Stronghold
03:01 Stronghold
03:36 War Mill
04:31 Great Hall
05:05 Orc Burrow
06:32 Watch Tower
06:33 Watch Tower
06:33 Watch Tower
06:33 Watch Tower
06:34 Watch Tower
06:35 Watch Tower
06:35 Watch Tower
08:15 Fortress
09:15 Beastiary
09:47 Beastiary
10:15 Orc Burrow
10:16 Orc Burrow
11:32 Watch Tower
11:33 Watch Tower
11:40 Watch Tower
11:42 Watch Tower
12:32 Beastiary
12:54 Watch Tower
12:59 Watch Tower
13:14 Watch Tower
13:15 Watch Tower
15:00 Orc Burrow
15:01 Orc Burrow
15:01 Orc Burrow
15:04 Watch Tower
15:04 Watch Tower
17:14 Barracks
17:15 Barracks
25:01 Great Hall
25:05 Great Hall
» items
| Healing Salve | 4 | |
| Rod of Necromancy | 1 | |
| Scroll of Town Portal | 2 | |
| Orb of Lightning | 1 | |
| Potion of Healing | 1 | |
9 total

»
taco_loco (
red | 21 APM | 241 actions | 11:28)
3 Death Knight
2 Death Coil
1 Unholy Aura
» actions
| Build / train | 24 | |
| Enter build submenu | 11 | |
| Enter hero's abilities submenu | 3 | |
| Remove unit from queue | 1 | |
| Right click | 73 | |
| Select / deselect | 110 | |
| Use ability | 19 | |
241 total
» units
| Acolyte | 3 | |
| Ghoul | 3 | |
| Crypt Fiend | 8 | |
14 total
» upgrades
| Creature Attack | 1 | |
| Creature Carapace | 1 | |
2 total
» buildings
| Altar of Darkness | 1 | |
| Ziggurat | 6 | |
| Crypt | 1 | |
| Graveyard | 1 | |
| Tomb of Relics | 1 | |
| Halls of the Dead | 1 | |
11 total
» build order
00:08 Altar of Darkness
00:11 Ziggurat
00:15 Crypt
01:19 Graveyard
02:04 Ziggurat
02:37 Ziggurat
03:34 Ziggurat
04:21 Ziggurat
05:04 Tomb of Relics
05:27 Ziggurat
06:30 Halls of the Dead
» items

»
demolitionman92 (
green | 22 APM | 346 actions | 16:03)
3 Blood Mage
2 Flame Strike
1 Banish
1 Death Knight
1 Unholy Aura
» actions
| Build / train | 44 | |
| Enter build submenu | 18 | |
| Enter hero's abilities submenu | 4 | |
| Right click | 137 | |
| Select / deselect | 117 | |
| Use ability | 26 | |
346 total
» units
| Peasant | 7 | |
| Rifleman | 14 | |
| Knight | 8 | |
29 total
» upgrades
| Gunpowder | 1 | |
| Long Rifles | 1 | |
| Animal War Training | 1 | |
3 total
» buildings
| Altar of Kings | 1 | |
| Farm | 5 | |
| Barracks | 1 | |
| Blacksmith | 1 | |
| Lumber Mill | 1 | |
| Keep | 1 | |
| Scout Tower | 4 | |
| Castle | 1 | |
| Arcane Tower | 5 | |
20 total
» build order
00:11 Altar of Kings
01:27 Farm
01:55 Barracks
02:19 Blacksmith
03:07 Farm
05:33 Lumber Mill
06:02 Farm
07:29 Farm
08:10 Keep
08:15 Farm
09:20 Scout Tower
10:34 Scout Tower
10:51 Castle
11:32 Scout Tower
11:38 Arcane Tower
11:41 Arcane Tower
12:55 Arcane Tower
13:00 Scout Tower
13:30 Arcane Tower
13:30 Arcane Tower
team 2 (winner)
TheTowers (
purple | 54 APM | 1215 actions | 22:26)
7 Blademaster
3 Wind Walk
3 Critical Strike
1 Bladestorm
» actions
| Assign group hotkey | 106 | |
| Basic commands | 72 | |
| Build / train | 53 | |
| Enter build submenu | 42 | |
| Enter hero's abilities submenu | 8 | |
| Give item / drop item | 2 | |
| Remove unit from queue | 3 | |
| Right click | 512 | |
| Select / deselect | 271 | |
| Select group hotkey | 79 | |
| Use ability | 67 | |
1215 total
» units
| Peon | 11 | |
| Grunt | 3 | |
| Goblin Shredder | 1 | |
| Wind Rider | 8 | |
| Demolisher | 4 | |
27 total
» upgrades
| Ranged Weapons | 2 | |
| Armor | 3 | |
| Envenomed Spears | 1 | |
| Burning Oil | 1 | |
7 total
» buildings
| Orc Burrow | 7 | |
| Altar of Storms | 1 | |
| Barracks | 11 | |
| Voodoo Lounge | 2 | |
| Stronghold | 1 | |
| War Mill | 2 | |
| Beastiary | 4 | |
| Great Hall | 2 | |
| Watch Tower | 12 | |
| Fortress | 1 | |
43 total
» build order
00:56 Orc Burrow
02:02 Altar of Storms
02:05 Barracks
02:08 Orc Burrow
02:14 Voodoo Lounge
02:34 Stronghold
03:09 War Mill
03:14 Voodoo Lounge
05:00 Beastiary
05:00 Beastiary
05:51 Great Hall
06:13 Orc Burrow
06:14 Orc Burrow
06:45 Watch Tower
06:45 Watch Tower
06:46 Watch Tower
06:59 Watch Tower
06:59 Watch Tower
07:00 Watch Tower
11:05 Fortress
13:04 Great Hall
13:10 Watch Tower
13:10 Watch Tower
13:11 Watch Tower
13:12 Watch Tower
13:12 Watch Tower
13:12 Watch Tower
13:57 Beastiary
13:57 Beastiary
17:06 War Mill
18:55 Barracks
18:56 Barracks
18:58 Barracks
18:59 Barracks
19:09 Barracks
19:10 Barracks
19:12 Barracks
19:20 Barracks
19:31 Barracks
19:34 Barracks
19:58 Orc Burrow
19:59 Orc Burrow
19:59 Orc Burrow
» items
| Healing Salve | 3 | |
| Boots of Speed | 1 | |
| Periapt of Vitality | 1 | |
| Orb of Lightning | 1 | |
6 total
turncoatisback (
teal | 89 APM | 2643 actions | 29:45)
4 Archmage
2 Summon Water Elemental
2 Brilliance Aura
1 Pit Lord
1 Cleaving Attack
» actions
| Assign group hotkey | 42 | |
| Basic commands | 336 | |
| Build / train | 100 | |
| ESC pressed | 3 | |
| Enter build submenu | 40 | |
| Enter hero's abilities submenu | 6 | |
| Give item / drop item | 12 | |
| Remove unit from queue | 3 | |
| Right click | 796 | |
| Select / deselect | 527 | |
| Select group hotkey | 636 | |
| Use ability | 142 | |
2643 total
» units
| Peasant | 21 | |
| Footman | 6 | |
| Gryphon Rider | 8 | |
| Dragonhawk Rider | 6 | |
41 total
» upgrades
| Masonry | 3 | |
| Swords | 3 | |
| Armor | 3 | |
| Animal War Training | 1 | |
| Storm Hammers | 1 | |
| Cloud | 1 | |
| Gunpowder | 3 | |
| Plating | 3 | |
| Lumber Harvesting | 2 | |
| Magic Sentry | 1 | |
| Sorceress Training | 2 | |
| Priest Training | 2 | |
| Control Magic | 1 | |
| Long Rifles | 1 | |
| Defend | 1 | |
| Pillage | 1 | |
29 total
» buildings
| Altar of Kings | 1 | |
| Farm | 9 | |
| Barracks | 1 | |
| Arcane Vault | 1 | |
| Scout Tower | 14 | |
| Arcane Tower | 1 | |
| Lumber Mill | 1 | |
| Town Hall | 1 | |
| Guard Tower | 11 | |
| Keep | 1 | |
| Blacksmith | 1 | |
| Castle | 1 | |
| Gryphon Aviary | 3 | |
| Arcane Sanctum | 1 | |
47 total
» build order
00:04 Altar of Kings
00:11 Farm
00:48 Barracks
01:16 Farm
01:30 Arcane Vault
01:42 Scout Tower
02:04 Farm
02:16 Arcane Tower
03:08 Farm
04:08 Lumber Mill
05:27 Scout Tower
05:29 Scout Tower
05:31 Scout Tower
05:44 Town Hall
05:55 Guard Tower
05:55 Guard Tower
05:58 Guard Tower
06:20 Keep
07:10 Blacksmith
07:16 Farm
07:36 Scout Tower
07:38 Scout Tower
07:45 Scout Tower
07:48 Scout Tower
07:57 Scout Tower
08:13 Guard Tower
08:14 Guard Tower
08:15 Guard Tower
08:37 Guard Tower
09:07 Castle
09:18 Gryphon Aviary
09:24 Gryphon Aviary
09:29 Gryphon Aviary
10:04 Scout Tower
10:29 Scout Tower
10:33 Scout Tower
10:37 Guard Tower
11:01 Guard Tower
11:02 Guard Tower
12:42 Farm
13:24 Farm
14:13 Farm
15:24 Farm
15:32 Scout Tower
15:34 Scout Tower
16:16 Guard Tower
19:49 Arcane Sanctum
» items
| Scroll of Regeneration | 4 | |
| Staff of Teleportation | 1 | |
| Periapt of Vitality | 1 | |
| Lesser Clarity Potion | 1 | |
7 total

»
pankurss (
orange | 37 APM | 1099 actions | 29:44)
3 Tauren Chieftain
1 War Stomp
2 Endurance Aura
» actions
| Basic commands | 54 | |
| Build / train | 66 | |
| Enter build submenu | 58 | |
| Enter hero's abilities submenu | 3 | |
| Give item / drop item | 2 | |
| Right click | 444 | |
| Select / deselect | 383 | |
| Use ability | 89 | |
1099 total
» units
| Peon | 26 | |
| Grunt | 3 | |
| Troll Headhunter/Berserker | 2 | |
| Demolisher | 6 | |
| Troll Batrider | 1 | |
38 total
» upgrades
| Armor | 2 | |
| Ranged Weapons | 3 | |
| Troll Regeneration | 1 | |
| Berserker Upgrade | 1 | |
| Spiked Barricades | 3 | |
| Witch Doctor Training | 2 | |
| Reinforced Defenses | 1 | |
| Burning Oil | 1 | |
| Backpack | 1 | |
15 total
» buildings
| Barracks | 2 | |
| Orc Burrow | 6 | |
| Altar of Storms | 1 | |
| Voodoo Lounge | 2 | |
| Great Hall | 2 | |
| Stronghold | 1 | |
| War Mill | 3 | |
| Fortress | 1 | |
| Beastiary | 2 | |
| Spirit Lodge | 1 | |
| Watch Tower | 37 | |
58 total
» build order
00:10 Barracks
00:14 Orc Burrow
00:37 Altar of Storms
01:32 Orc Burrow
02:25 Voodoo Lounge
03:48 Great Hall
04:17 Stronghold
04:28 Orc Burrow
04:50 War Mill
06:41 Fortress
06:47 Beastiary
06:50 Beastiary
07:23 Orc Burrow
08:14 War Mill
08:19 Orc Burrow
09:40 Spirit Lodge
10:06 Watch Tower
10:12 Watch Tower
10:30 Watch Tower
10:52 Watch Tower
11:16 Orc Burrow
11:27 Watch Tower
11:56 Watch Tower
12:25 Watch Tower
12:41 Watch Tower
12:47 Watch Tower
12:56 Voodoo Lounge
13:02 Watch Tower
13:37 Watch Tower
13:50 Watch Tower
13:58 Watch Tower
14:14 Watch Tower
14:20 Watch Tower
14:35 War Mill
14:53 Watch Tower
15:02 Watch Tower
15:12 Watch Tower
15:22 Watch Tower
15:30 Watch Tower
15:43 Watch Tower
15:48 Watch Tower
16:01 Watch Tower
16:11 Watch Tower
16:24 Watch Tower
16:38 Watch Tower
18:24 Watch Tower
18:27 Watch Tower
18:33 Watch Tower
18:45 Barracks
24:46 Watch Tower
24:51 Watch Tower
24:57 Watch Tower
25:06 Watch Tower
25:16 Watch Tower
25:28 Watch Tower
25:34 Watch Tower
25:59 Watch Tower
28:02 Great Hall
» items
| Healing Salve | 2 | |
| Boots of Speed | 1 | |
| Orb of Lightning | 1 | |
| Potion of Healing | 1 | |
| Lesser Clarity Potion | 1 | |
| Potion of Mana | 1 | |
7 total

»
silllies (
pink | 29 APM | 502 actions | 17:30)
4 Priestess of the Moon
1 Searing Arrows
2 Trueshot Aura
1 Scout
» actions
| Basic commands | 11 | |
| Build / train | 58 | |
| Enter build submenu | 15 | |
| Enter hero's abilities submenu | 4 | |
| Remove unit from queue | 1 | |
| Right click | 190 | |
| Select / deselect | 196 | |
| Use ability | 27 | |
502 total
» units
| Wisp | 14 | |
| Huntress | 5 | |
| Archer | 3 | |
| Dryad | 6 | |
| Glaive Thrower | 2 | |
| Druid of the Claw | 2 | |
| Hippogryph | 4 | |
| Druid of the Talon | 1 | |
37 total
» upgrades
| Strength of the Moon | 2 | |
| Ultravision | 1 | |
| Moon Armor | 2 | |
| Strength of the Wild | 2 | |
| Abolish Magic | 1 | |
| Reinforced Hides | 1 | |
| Vorpal Blades | 1 | |
| Druid of the Claw Training | 1 | |
| Improved Bows | 1 | |
| Druid of the Talon Training | 1 | |
13 total
» buildings
| Hunter's Hall | 1 | |
| Ancient of War | 1 | |
| Moon Well | 6 | |
| Altar of Elders | 1 | |
| Tree of Ages | 1 | |
| Ancient of Lore | 1 | |
| Ancient Protector | 1 | |
| Ancient of Wind | 2 | |
| Tree of Life | 1 | |
15 total
» build order
00:18 Hunter's Hall
00:36 Ancient of War
01:09 Moon Well
01:37 Moon Well
01:58 Moon Well
02:26 Altar of Elders
04:01 Tree of Ages
04:41 Moon Well
06:25 Ancient of Lore
06:37 Ancient Protector
07:28 Moon Well
08:41 Moon Well
11:41 Ancient of Wind
15:00 Ancient of Wind
15:34 Tree of Life
Chat log
(00:35 / All) turncoatisback: Turncoat is back. You should all know him by now, the most skilled 4v4 RT player as of now. I hope he isn't in this game
(00:37 / All) turncoatisback: he is dangerous
(00:51 / Allies) silllies: =O
(01:16 / All) TheTowers: There's the moon ask me to stay
(01:21 / All) TheTowers: Long enough for the clouds to fly me away
(01:29 / All) TheTowers: Oh it's my time coming I'm not afraid, afraid to die
(01:40 / All) TheTowers: My fading sings of looooovvvveee
(01:48 / All) TheTowers: But she cries to the ticking of time
(01:52 / All) TheTowers: OH TIME
(01:59 / All) TheTowers: WAIT IN THE FIRE, WAIT IN THE FIRE
(08:32 / All) TheTowers: Am I talking to myself
(08:40 / Allies) TheTowers: Teal you getting my messages
(08:41 / All) IR4P3U: mhm
(08:43 / All) ASDFLDJASFL: i need to get that bad taste out of my mouth
(08:45 / Allies) turncoatisback: no
(11:43 / All) IR4P3U: stupid team...
(11:57 / All) TheTowers: you're fucking next green
(13:20 / All) TheTowers: thanks green you're a pal
(13:49 / All) IR4P3U: yeah gg
(13:52 / All) IR4P3U: fuck this shitty team
(13:57 / All) turncoatisback: I just need level 6 is all
(14:01 / All) turncoatisback: Nothing personal
(15:15 / All) turncoatisback: My gryphons have the beastiality upgrade. No other air will stand a chance
(15:40 / All) TheTowers: green are you 20 years old?
(15:55 / All) ASDFLDJASFL: green hasnt said one word
(16:07 / All) TheTowers: nice knight
(16:25 / All) turncoatisback: I think we lost, they have too much
(17:22 / Allies) turncoatisback: I will help you
(18:14 / Allies) turncoatisback: You lost, you can leave now
(18:15 / All) TheTowers: You're dead orange
(18:21 / Allies) turncoatisback: Purple was the Turncoat
(18:34 / Allies) turncoatisback: I tried to warn you of him, but you didn't listen
(18:35 / All) TheTowers: Dang he has a lot of towers
(19:23 / All) ASDFLDJASFL: i tis in a bad mood
(20:23 / All) turncoatisback: That is me moron
(22:06 / All) turncoatisback: Bats? Really?
(22:27 / All) turncoatisback: What a Turncoat, betraying we stabbers
(23:13 / All) turncoatisback: good
(25:14 / All) turncoatisback: Only oj and my base left now
(25:49 / All) ASDFLDJASFL: is he afk
(25:56 / All) turncoatisback: No he just sucks cock
(26:50 / All) turncoatisback: You can leave now
(28:52 / All) turncoatisback: Bye, orange
(29:11 / Allies) turncoatisback: damn straight son
(29:12 / Allies) pankurss: hahaha
(29:19 / Allies) turncoatisback: highper.ch son, your family name is disgraced
(29:22 / All) turncoatisback: we will all laugh at you
(29:27 / Allies) pankurss: good
(29:34 / Allies) turncoatisback: indeed